TOP OF THE 1ST |
Mt. Vernon Bulls batting - Pitching for Washington Generals : RHP Luis Castrejón
|
Pitching: RHP Luis Castrejón
|
|
Batting: RHB Habbo Allaart
|
0-0: Foul Ball, location: 2F 0-1: Ground out 4-3 (Groundball, 4M)
|
Batting: RHB Alfonso Bocanegra
|
0-0: SINGLE (Groundball, 25) (infield hit)
|
Batting: SHB Mike Peña
|
0-0: Ball 1-0: Called Strike 1-1: Foul Ball, location: 2F 1-2: Ball 2-2: Ball 3-2: Strikes out swinging
|
Batting: LHB Raúl Trevino
|
0-0: Ball Alfonso Bocanegra is caught stealing 2nd base
|
Top of the 1st over - 0 run(s), 1 hit(s), 0 error(s), 0 left on base; Mt. Vernon 0 - Washington 0 |
BOTTOM OF THE 1ST |
Washington Generals batting - Pitching for Mt. Vernon Bulls : RHP Michael Taylor
|
Pitching: RHP Michael Taylor
|
|
Batting: RHB Iván Rodríguez
|
0-0: Ball 1-0: Called Strike 1-1: Ball 2-1: SINGLE (Groundball, 6)
|
Batting: LHB Michael Whorton
|
0-0: Called Strike 0-1: Fielders Choice at 2nd, 5-4 (Groundball, 5)
|
Batting: RHB Carlos Correa
|
0-0: Fly out, F9 (Flyball, 9LM)
|
Batting: RHB Arturo Morales
|
0-0: Called Strike 0-1: Ball 1-1: Ball Michael Whorton steals 2nd base 2-1: Swinging Strike 2-2: Strikes out looking
|
Bottom of the 1st over - 0 run(s), 1 hit(s), 0 error(s), 1 left on base; Mt. Vernon 0 - Washington 0 |
TOP OF THE 2ND |
Mt. Vernon Bulls batting - Pitching for Washington Generals : RHP Luis Castrejón
|
Batting: LHB Raúl Trevino
|
0-0: Called Strike 0-1: SOLO HOME RUN (Flyball, 8RXD), Distance : 448 ft
|
Batting: RHB Mariano Ramírez
|
0-0: Ball 1-0: Swinging Strike 1-1: Foul Ball, location: 2F 1-2: Ball 2-2: Strikes out looking
|
Batting: RHB Jorge Miranda
|
0-0: Ball 1-0: Foul Ball, location: 2F 1-1: Ball 2-1: Ball 3-1: Called Strike 3-2: Base on Balls
|
Batting: RHB Franklin Gestel
|
0-0: Ball Jorge Miranda is caught stealing 2nd base 1-0: Foul Ball, location: 2F 1-1: Fly out, F9 (Flyball, 89M)
|
Top of the 2nd over - 1 run(s), 1 hit(s), 0 error(s), 0 left on base; Mt. Vernon 1 - Washington 0 |
BOTTOM OF THE 2ND |
Washington Generals batting - Pitching for Mt. Vernon Bulls : RHP Michael Taylor
|
Batting: SHB Carlos Alicea
|
0-0: Ball 1-0: Swinging Strike 1-1: Fly out, F7 (Flyball, 7M)
|
Batting: LHB Jim Unknown
|
0-0: Fly out, F8 (Flyball, 8RS)
|
Batting: LHB Jim Unknown
|
0-0: Fly out, F7 (Flyball, 7M)
|
Bottom of the 2nd over - 0 run(s), 0 hit(s), 0 error(s), 0 left on base; Mt. Vernon 1 - Washington 0 |
TOP OF THE 3RD |
Mt. Vernon Bulls batting - Pitching for Washington Generals : RHP Luis Castrejón
|
Batting: RHB Vaclav Brem
|
0-0: Ball 1-0: Foul Ball, location: 2F 1-1: Called Strike 1-2: Foul Ball, location: 2F 1-2: Strikes out swinging
|
Batting: RHB Miguel Vásquez
|
0-0: Ball 1-0: Fly out, F9 (Flyball, 89M)
|
Batting: RHB Habbo Allaart
|
0-0: Ball 1-0: Called Strike 1-1: Ball 2-1: Ball 3-1: Fly out, F7 (Line Drive, 7M)
|
Top of the 3rd over - 0 run(s), 0 hit(s), 0 error(s), 0 left on base; Mt. Vernon 1 - Washington 0 |
BOTTOM OF THE 3RD |
Washington Generals batting - Pitching for Mt. Vernon Bulls : RHP Michael Taylor
|
Batting: RHB Tim Lehman
|
0-0: Ground out 5-3 (Groundball, 5)
|
Batting: RHB Andy Moore
|
0-0: Ball 1-0: Swinging Strike 1-1: Foul Ball, location: 2F 1-2: Ball 2-2: Ball 3-2: Foul Ball, location: 2F 3-2: Foul Ball, location: 2F 3-2: SINGLE (Groundball, 4MD)
|
Batting: RHB Iván Rodríguez
|
0-0: Called Strike 0-1: Ball Wild Pitch! Andy Moore to second 1-1: Foul Ball, location: 2F 1-2: Foul Ball, location: 2F 1-2: Strikes out swinging
|
Batting: LHB Michael Whorton
|
0-0: Ball 1-0: Ball 2-0: Swinging Strike 2-1: Foul Ball, location: 2F 2-2: Strikes out swinging
|
Bottom of the 3rd over - 0 run(s), 1 hit(s), 0 error(s), 1 left on base; Mt. Vernon 1 - Washington 0 |
TOP OF THE 4TH |
Mt. Vernon Bulls batting - Pitching for Washington Generals : RHP Luis Castrejón
|
Batting: RHB Alfonso Bocanegra
|
0-0: Ball 1-0: Ball 2-0: Fly out, F8 (Flyball, 8RM)
|
Batting: SHB Mike Peña
|
0-0: Ball 1-0: Ball 2-0: Ball 3-0: Base on Balls
|
Batting: LHB Raúl Trevino
|
0-0: Called Strike 0-1: Foul Ball, location: 2F 0-2: Strikes out swinging
|
Batting: RHB Mariano Ramírez
|
0-0: Foul Ball, location: 2F 0-1: Foul Ball, location: 2F 0-2: Foul Ball, location: 2F 0-2: Strikes out looking
|
Top of the 4th over - 0 run(s), 0 hit(s), 0 error(s), 1 left on base; Mt. Vernon 1 - Washington 0 |
BOTTOM OF THE 4TH |
Washington Generals batting - Pitching for Mt. Vernon Bulls : RHP Michael Taylor
|
Batting: RHB Carlos Correa
|
0-0: Ball 1-0: Ball 2-0: Ball 3-0: Called Strike 3-1: Foul Ball, location: 2F 3-2: Foul Ball, location: 2F 3-2: Foul Ball, location: 2F 3-2: Foul Ball, location: 2F 3-2: SINGLE (Groundball, 6M)
|
Batting: RHB Arturo Morales
|
0-0: Ball 1-0: Swinging Strike 1-1: Foul Ball, location: 2F 1-2: SINGLE (Line Drive, 4D) Carlos Correa to second Runner from 2nd tries for 3rd, SAFE, no throw or cutoff
|
Batting: SHB Carlos Alicea
|
0-0: Ball 1-0: Swinging Strike 1-1: Foul Ball, location: 2F 1-2: Ball 2-2: Strikes out looking
|
Batting: LHB Jim Unknown
|
0-0: Foul Ball, location: 2F 0-1: Ball 1-1: Called Strike 1-2: Ball Arturo Morales is caught stealing 2nd base 2-2: Ball Wild Pitch! Carlos Correa scores 3-2: SOLO HOME RUN (Flyball, 89XD), Distance : 439 ft
|
Batting: LHB Jim Unknown
|
0-0: Called Strike 0-1: Fly out, F7 (Flyball, 78D)
|
Bottom of the 4th over - 2 run(s), 3 hit(s), 0 error(s), 0 left on base; Mt. Vernon 1 - Washington 2 |
TOP OF THE 5TH |
Mt. Vernon Bulls batting - Pitching for Washington Generals : RHP Luis Castrejón
|
Batting: RHB Jorge Miranda
|
0-0: Ball 1-0: Ball 2-0: Ball 3-0: Base on Balls
|
Batting: RHB Franklin Gestel
|
0-0: Bunted foul 0-1: Ball 1-1: Sac Bunt - play at first, batter OUT! 5-4 Jorge Miranda to second
|
Batting: RHB Vaclav Brem
|
0-0: Ball 1-0: Ground out 5-3 (Groundball, 56S) Jorge Miranda to third
|
Batting: RHB Miguel Vásquez
|
0-0: Ball 1-0: Ball 2-0: SINGLE (Line Drive, 9LS) Jorge Miranda scores
|
Batting: RHB Habbo Allaart
|
0-0: Ball 1-0: Called Strike 1-1: Called Strike 1-2: Strikes out swinging
|
Top of the 5th over - 1 run(s), 1 hit(s), 0 error(s), 1 left on base; Mt. Vernon 2 - Washington 2 |
BOTTOM OF THE 5TH |
Washington Generals batting - Pitching for Mt. Vernon Bulls : RHP Michael Taylor
|
Batting: RHB Tim Lehman
|
0-0: Called Strike 0-1: Foul Ball, location: 2F 0-2: Ball 1-2: Foul Ball, location: 2F 1-2: Strikes out swinging
|
Batting: RHB Andy Moore
|
0-0: Foul Ball, location: 2F 0-1: Foul Ball, location: 2F 0-2: Ball 1-2: Foul Ball, location: 2F 1-2: Foul Ball, location: 2F 1-2: Ball 2-2: SINGLE (Line Drive, 7S)
|
Batting: RHB Iván Rodríguez
|
0-0: Ball 1-0: Ball 2-0: Called Strike 2-1: SINGLE (Groundball, 56D) Andy Moore to second
|
Batting: LHB Michael Whorton
|
0-0: Ball 1-0: Ball 2-0: Called Strike 2-1: Foul Ball, location: 2F 2-2: Ball 3-2: Strikes out looking
|
Batting: RHB Carlos Correa
|
0-0: Ball 1-0: Called Strike 1-1: Ground out 5-3 (Groundball, 5S)
|
Bottom of the 5th over - 0 run(s), 2 hit(s), 0 error(s), 2 left on base; Mt. Vernon 2 - Washington 2 |
TOP OF THE 6TH |
Mt. Vernon Bulls batting - Pitching for Washington Generals : RHP Luis Castrejón
|
Batting: RHB Alfonso Bocanegra
|
0-0: Ball 1-0: Ball 2-0: SINGLE (Line Drive, 4M)
|
Batting: SHB Mike Peña
|
0-0: Ball 1-0: Ball 2-0: Called Strike 2-1: Foul Ball, location: 2F 2-2: Ball 3-2: Foul Ball, location: 2F 3-2: Strikes out swinging Alfonso Bocanegra steals 2nd base Batter strikes out.
|
Batting: LHB Raúl Trevino
|
0-0: Intentional Walk
|
Batting: RHB Mariano Ramírez
|
0-0: Called Strike 0-1: Grounds into double play, 6-4-3 (Groundball, 6)
|
Top of the 6th over - 0 run(s), 1 hit(s), 0 error(s), 1 left on base; Mt. Vernon 2 - Washington 2 |
BOTTOM OF THE 6TH |
Washington Generals batting - Pitching for Mt. Vernon Bulls : RHP Michael Taylor
|
Batting: RHB Arturo Morales
|
0-0: Ball 1-0: Called Strike 1-1: Foul Ball, location: 2F 1-2: Ball 2-2: Ball 3-2: Base on Balls
|
Batting: SHB Carlos Alicea
|
0-0: Called Strike 0-1: Ball 1-1: Foul Ball, location: 2F 1-2: Strikes out swinging
|
Batting: LHB Jim Unknown
|
0-0: Ball 1-0: Called Strike 1-1: Fly out, F2 (Popup, 2RF)
|
Batting: LHB Jim Unknown
|
0-0: Ball 1-0: Called Strike 1-1: Ball 2-1: Ball 3-1: Called Strike 3-2: Foul Ball, location: 2F 3-2: Foul Ball, location: 2F 3-2: Foul Ball, location: 2F 3-2: Strikes out swinging
|
Bottom of the 6th over - 0 run(s), 0 hit(s), 0 error(s), 1 left on base; Mt. Vernon 2 - Washington 2 |
TOP OF THE 7TH |
Mt. Vernon Bulls batting - Pitching for Washington Generals : RHP Luis Castrejón
|
Batting: RHB Jorge Miranda
|
0-0: Ball 1-0: Ball 2-0: Called Strike 2-1: Ground out 4-3 (Groundball, 4MS)
|
Batting: RHB Franklin Gestel
|
0-0: Ground out 4-3 (Groundball, 4)
|
Pinch Hitting: RHB Jim Unknown
|
0-0: Ground out U3 (Groundball, 3)
|
Top of the 7th over - 0 run(s), 0 hit(s), 0 error(s), 0 left on base; Mt. Vernon 2 - Washington 2 |
BOTTOM OF THE 7TH |
Washington Generals batting - Pitching for Mt. Vernon Bulls : RHP Michael Taylor
|
Now at 1B: Jim Unknown
|
|
Batting: RHB Tim Lehman
|
0-0: Called Strike 0-1: Ball 1-1: Called Strike 1-2: Ground out 6-3 (Groundball, 6M)
|
Batting: RHB Andy Moore
|
0-0: Ball 1-0: Called Strike 1-1: Ball 2-1: DOUBLE (Line Drive, 7LM)
|
Batting: RHB Iván Rodríguez
|
0-0: Intentional Walk
|
Pitching: RHP Chin Cho
|
|
Batting: LHB Michael Whorton
|
0-0: Called Strike 0-1: Ball 1-1: SINGLE (Line Drive, 56D) Andy Moore to third Iván Rodríguez to second
|
Pinch Hitting: LHB Jim Unknown
|
0-0: Ball 1-0: Called Strike 1-1: Ball 2-1: Ball 3-1: Base on Balls Andy Moore scores Iván Rodríguez to third Michael Whorton to second
|
Batting: RHB Arturo Morales
|
0-0: Ball 1-0: Foul Ball, location: 2F 1-1: Swinging Strike 1-2: Foul Ball, location: 2F 1-2: Strikes out swinging
|
Batting: SHB Carlos Alicea
|
0-0: Foul Ball, location: 2F 0-1: Fly out, F5 (Popup, 56D)
|
Bottom of the 7th over - 1 run(s), 2 hit(s), 0 error(s), 3 left on base; Mt. Vernon 2 - Washington 3 |
TOP OF THE 8TH |
Mt. Vernon Bulls batting - Pitching for Washington Generals : RHP Luis Castrejón
|
Now at 2B: Jenkins Hall
|
|
Batting: RHB Miguel Vásquez
|
0-0: Ball 1-0: Ball 2-0: Called Strike 2-1: Foul Ball, location: 2F 2-2: SINGLE (Line Drive, 56D)
|
Batting: RHB Habbo Allaart
|
0-0: Sac Bunt - play at second, runner OUT! 3-6
|
Batting: RHB Alfonso Bocanegra
|
0-0: Called Strike 0-1: Swinging Strike 0-2: Ball 1-2: Hit by Pitch Habbo Allaart to second
|
Batting: SHB Mike Peña
|
0-0: Ball 1-0: Ball 2-0: Ball 3-0: Base on Balls Habbo Allaart to third Alfonso Bocanegra to second
|
Batting: LHB Raúl Trevino
|
0-0: Fly out, F8 (Line Drive, 78M) Runner from 3rd tags up, SCORES, no throw
|
Pitching: RHP Juan Rivas
|
|
Batting: RHB Mariano Ramírez
|
0-0: Ball 1-0: Swinging Strike 1-1: Foul Ball, location: 2F 1-2: Ball 2-2: Strikes out looking
|
Top of the 8th over - 1 run(s), 1 hit(s), 0 error(s), 2 left on base; Mt. Vernon 3 - Washington 3 |
BOTTOM OF THE 8TH |
Washington Generals batting - Pitching for Mt. Vernon Bulls : RHP Chin Cho
|
Batting: LHB Jim Unknown
|
0-0: Called Strike 0-1: Foul Ball, location: 2F 0-2: Foul Ball, location: 2F 0-2: Ball 1-2: Strikes out swinging
|
Batting: LHB Jim Unknown
|
0-0: Ground out 4-3 (Groundball, 4M)
|
Batting: RHB Tim Lehman
|
0-0: Ball 1-0: Ball 2-0: SINGLE (Groundball, 4M)
|
Batting: RHB Andy Moore
|
0-0: Called Strike 0-1: Ball 1-1: Ball 2-1: Fly out, F2 (Popup, 2RF)
|
Bottom of the 8th over - 0 run(s), 1 hit(s), 0 error(s), 1 left on base; Mt. Vernon 3 - Washington 3 |
TOP OF THE 9TH |
Mt. Vernon Bulls batting - Pitching for Washington Generals : RHP Juan Rivas
|
Pitching: RHP Wilbert Williams
|
|
Pinch Hitting: RHB Jim Unknown
|
0-0: Ball 1-0: Called Strike 1-1: SINGLE (Flyball, 9S)
|
Batting: RHB Franklin Gestel
|
0-0: Bunted foul 0-1: Sac Bunt - play at first, batter OUT! 1-4 Jim Unknown to second
|
Batting: RHB Jim Unknown
|
0-0: Intentional Walk
|
Batting: RHB Miguel Vásquez
|
0-0: Called Strike 0-1: Foul Ball, location: 2F 0-2: Ball 1-2: Ball 2-2: Fly out, F7 (Flyball, 7M)
|
Batting: RHB Habbo Allaart
|
0-0: Called Strike 0-1: Ball 1-1: Foul Ball, location: 2F 1-2: Ball 2-2: Ball 3-2: Base on Balls Jim Unknown to third Jim Unknown to second
|
Batting: RHB Alfonso Bocanegra
|
0-0: Called Strike 0-1: Foul Ball, location: 2F 0-2: Ball 1-2: Ball 2-2: Foul Ball, location: 2F 2-2: Strikes out looking
|
Top of the 9th over - 0 run(s), 1 hit(s), 0 error(s), 3 left on base; Mt. Vernon 3 - Washington 3 |
BOTTOM OF THE 9TH |
Washington Generals batting - Pitching for Mt. Vernon Bulls : RHP Chin Cho
|
Now at SS: Wilson Aguilera
|
|
Batting: RHB Iván Rodríguez
|
0-0: Ball 1-0: Called Strike 1-1: Ball 2-1: DOUBLE (Line Drive, 7LM)
|
Batting: LHB Michael Whorton
|
0-0: Called Strike 0-1: Swinging Strike 0-2: Ball 1-2: Strikes out swinging
|
Batting: RHB Jenkins Hall
|
0-0: Called Strike 0-1: Foul Ball, location: 2F 0-2: Strikes out looking
|
Batting: RHB Arturo Morales
|
0-0: Ball 1-0: Swinging Strike 1-1: Ball 2-1: Ball 3-1: Foul Ball, location: 2F 3-2: Base on Balls
|
Batting: SHB Carlos Alicea
|
0-0: Called Strike 0-1: Ball 1-1: Swinging Strike 1-2: Foul Ball, location: 2F 1-2: Ball 2-2: Strikes out swinging
|
Bottom of the 9th over - 0 run(s), 1 hit(s), 0 error(s), 2 left on base; Mt. Vernon 3 - Washington 3 |
TOP OF THE 10TH |
Mt. Vernon Bulls batting - Pitching for Washington Generals : RHP Wilbert Williams
|
Batting: SHB Mike Peña
|
0-0: Ball 1-0: Fly out, F8 (Flyball, 8RM)
|
Batting: LHB Raúl Trevino
|
0-0: Ground out 4-3 (Groundball, 34)
|
Batting: RHB Mariano Ramírez
|
0-0: Ball 1-0: Called Strike 1-1: Ball 2-1: Ball 3-1: Fly out, F6 (Popup, 56D)
|
Top of the 10th over - 0 run(s), 0 hit(s), 0 error(s), 0 left on base; Mt. Vernon 3 - Washington 3 |
BOTTOM OF THE 10TH |
Washington Generals batting - Pitching for Mt. Vernon Bulls : RHP Chin Cho
|
Batting: LHB Jim Unknown
|
0-0: Ball 1-0: Called Strike 1-1: Foul Ball, location: 2F 1-2: Foul Ball, location: 2F 1-2: SINGLE (Groundball, 6MD)
|
Batting: LHB Jim Unknown
|
0-0: Bunted foul 0-1: Bunted foul 0-2: Fielders Choice at 2nd, 5-4 (Groundball, 5L)
|
Batting: RHB Tim Lehman
|
0-0: Swinging Strike 0-1: Foul Ball, location: 2F 0-2: Ball 1-2: Strikes out swinging
|
Pitching: RHP Sean Harding
|
|
Batting: RHB Andy Moore
|
0-0: Ground out 5-3 (Groundball, 5L)
|
Bottom of the 10th over - 0 run(s), 1 hit(s), 0 error(s), 1 left on base; Mt. Vernon 3 - Washington 3 |
TOP OF THE 11TH |
Mt. Vernon Bulls batting - Pitching for Washington Generals : RHP Wilbert Williams
|
Pinch Hitting: LHB Andrés Rico
|
0-0: Fly out, F7 (Flyball, 7LM)
|
Batting: RHB Franklin Gestel
|
0-0: Called Strike 0-1: Ball 1-1: Foul Ball, location: 2F 1-2: Ball 2-2: Strikes out swinging
|
Batting: RHB Jim Unknown
|
0-0: SINGLE (Line Drive, 78S)
|
Batting: RHB Miguel Vásquez
|
0-0: Foul Ball, location: 2F 0-1: Ball 1-1: Ball 2-1: Foul Ball, location: 2F 2-2: Ball 3-2: Strikes out looking
|
Top of the 11th over - 0 run(s), 1 hit(s), 0 error(s), 1 left on base; Mt. Vernon 3 - Washington 3 |
BOTTOM OF THE 11TH |
Washington Generals batting - Pitching for Mt. Vernon Bulls : RHP Sean Harding
|
Now at 2B: Andrés Rico
|
|
Batting: RHB Iván Rodríguez
|
0-0: Called Strike 0-1: Ball 1-1: Fly out, F7 (Flyball, 7LM)
|
Batting: LHB Michael Whorton
|
0-0: Called Strike 0-1: Ball 1-1: Ball 2-1: Ball 3-1: Called Strike 3-2: Foul Ball, location: 2F 3-2: Base on Balls
|
Batting: RHB Jenkins Hall
|
0-0: Swinging Strike 0-1: Grounds into double play, 6-4-3 (Groundball, 6M)
|
Bottom of the 11th over - 0 run(s), 0 hit(s), 0 error(s), 0 left on base; Mt. Vernon 3 - Washington 3 |
TOP OF THE 12TH |
Mt. Vernon Bulls batting - Pitching for Washington Generals : RHP Wilbert Williams
|
Batting: RHB Habbo Allaart
|
0-0: SINGLE (Groundball, 6D)
|
Batting: RHB Alfonso Bocanegra
|
0-0: Ball 1-0: Ball Habbo Allaart steals 2nd base 2-0: Sac Bunt - play at first, batter OUT! 2-4 Habbo Allaart to third
|
Batting: SHB Mike Peña
|
0-0: Ball 1-0: Ball 2-0: Foul Ball, location: 2F 2-1: DOUBLE (Line Drive, 8LM) Habbo Allaart scores
|
Batting: LHB Raúl Trevino
|
0-0: Intentional Walk
|
Batting: RHB Mariano Ramírez
|
0-0: Ball 1-0: Foul Ball, location: 2F 1-1: Ball 2-1: Called Strike 2-2: Foul Ball, location: 2F 2-2: Foul Ball, location: 2F 2-2: Ball 3-2: Base on Balls Mike Peña to third Raúl Trevino to second
|
Batting: LHB Andrés Rico
|
0-0: Ball 1-0: Called Strike 1-1: Fly out, F7 (Flyball, 7M) Runner from 3rd tags up, SCORES, throw made
|
Pitching: RHP Germán Orozco
|
|
Batting: RHB Franklin Gestel
|
0-0: Called Strike 0-1: Ball 1-1: Called Strike 1-2: Foul Ball, location: 2F 1-2: Strikes out looking
|
Top of the 12th over - 2 run(s), 2 hit(s), 0 error(s), 2 left on base; Mt. Vernon 5 - Washington 3 |
BOTTOM OF THE 12TH |
Washington Generals batting - Pitching for Mt. Vernon Bulls : RHP Sean Harding
|
Batting: RHB Arturo Morales
|
0-0: Called Strike 0-1: Ball 1-1: Fly out, F3 (Popup, 34)
|
Batting: SHB Carlos Alicea
|
0-0: Called Strike 0-1: Foul Ball, location: 2F 0-2: Ball 1-2: Strikes out looking
|
Batting: LHB Jim Unknown
|
0-0: Ball 1-0: Called Strike 1-1: Ball 2-1: Foul Ball, location: 2F 2-2: Foul Ball, location: 2F 2-2: Ground out 4-3 (Groundball, 4S)
|
Bottom of the 12th over - 0 run(s), 0 hit(s), 0 error(s), 0 left on base; Mt. Vernon 5 - Washington 3 |
|